[Event "CZE-ch Youth B16 2022"]
[Site "Luhacovice"]
[Date "2022.03.18"]
[Round "8.8"]
[White "Dedek, Jan"]
[Black "Bezdek, Tomas"]
[Result "1/2-1/2"]
[ECO "E19"]
[WhiteElo "1963"]
[BlackElo "1855"]
[Annotator "NA"]
[PlyCount "61"]
[EventDate "2022.03.12"]
[EventType "swiss"]
[EventCountry "CZE"]
[SourceTitle "playchess.com"]
[Source "ChessBase"]
[SourceQuality "1"]
[TimeControl "40/5400+30:1800+30"]

1. d4 Nf6 2. c4 e6 3. Nf3 b6 4. g3 Bb7 5. Bg2 Be7 6. O-O O-O 7. Nc3 Ne4 8. Qc2 Nxc3 9. Qxc3 c5 10. Rd1 Bf6 11. Qc2 Nc6 12. dxc5 bxc5 13. Bf4 Re8 14. Bd6 Qb6 15. Rd2 Rac8 16. Rad1 $11 Nd4 17. Nxd4 Bxg2 18. Kxg2 Bxd4 19. e3 Qxd6 20. exd4 Qc6+ 21. Kg1 cxd4 22. Rxd4 d5 23. b3 h6 24. Qd3 dxc4 25. Rxc4 Qb6 26. Rd4 Qa5 27. Ra4 Qb6 28. Rd4 Qa5 29. Ra4 Qb6 30. Rd4 Qa5 31. Ra4 1/2-1/2

[Event "CZE-ch Youth B16 2022"]
[Site "Luhacovice"]
[Date "2022.03.18"]
[Round "8.9"]
[White "Mametev, Artem"]
[Black "Oborny, Stanislav"]
[Result "1-0"]
[ECO "C45"]
[WhiteElo "1848"]
[BlackElo "1674"]
[Annotator "NA"]
[PlyCount "85"]
[EventDate "2022.03.12"]
[EventType "swiss"]
[EventCountry "CZE"]
[SourceTitle "playchess.com"]
[Source "ChessBase"]
[SourceQuality "1"]
[TimeControl "40/5400+30:1800+30"]

1. e4 e5 2. Nf3 Nc6 3. d4 exd4 4. Nxd4 Bc5 5. Nxc6 Qf6 6. Qd2 Qxc6 7. Bd3 Ne7 8. O-O O-O 9. Qe2 d5 10. Nc3 d4 11. Bb5 {[#]} Qg6 $1 12. Na4 Bb6 13. Nxb6 axb6 14. Bf4 c5 15. a3 Be6 16. Bd6 ({White should try} 16. a4 $14) 16... Bg4 17. f3 Bxf3 $11 18. Rxf3 Qxd6 19. e5 Qc7 20. Bd3 g6 21. Raf1 Nc6 22. e6 f5 23. Bc4 Kh8 24. Re1 Rae8 25. g4 fxg4 26. Rf7 Qd6 27. Rxb7 g3 28. Rxb6 Qc7 29. Rxc6 Qxc6 30. Qe5+ Kg8 31. e7+ Rf7 32. Bxf7+ Kxf7 33. hxg3 Kg8 34. Rf1 Qd7 35. Rf8+ Rxf8 36. exf8=Q+ Kxf8 37. Qh8+ Ke7 38. Qxh7+ Kd8 39. Qxd7+ Kxd7 40. Kf2 Kd6 41. Ke2 Kd5 42. b3 g5 43. Kd3 1-0

[Event "CZE-ch Youth B16 2022"]
[Site "Luhacovice"]
[Date "2022.03.18"]
[Round "8.10"]
[White "Mrazek, Roman"]
[Black "Pelc, Adam"]
[Result "0-1"]
[ECO "B13"]
[WhiteElo "1820"]
[BlackElo "1811"]
[Annotator "NA"]
[PlyCount "68"]
[EventDate "2022.03.12"]
[EventType "swiss"]
[EventCountry "CZE"]
[SourceTitle "playchess.com"]
[Source "ChessBase"]
[SourceQuality "1"]
[TimeControl "40/5400+30:1800+30"]

1. e4 c6 2. d4 d5 3. exd5 cxd5 4. c4 Nf6 5. Nc3 Nc6 6. Bg5 Be6 7. Bxf6 exf6 8. c5 Be7 9. Bb5 O-O 10. Nge2 Qc7 11. Rc1 Rad8 12. O-O Bg4 13. f3 Be6 14. a3 f5 $14 15. b4 a6 16. Ba4 Bf6 17. Qd3 Ne7 18. f4 Ra8 19. Rb1 g6 20. g3 Bg7 21. Rfc1 Kh8 22. Kg2 Ng8 23. b5 axb5 24. Qxb5 Rfb8 25. Qb6 Qe7 26. Rb4 Bd7 27. Bb3 Bc6 28. Bd1 Rxa3 29. Rbb1 Rba8 30. Qb4 Nf6 31. Nb5 Qe4+ 32. Kh3 Ng4 33. Qe1 Bxb5 34. Rxb5 Qf3 0-1

[Event "CZE-ch Youth B16 2022"]
[Site "Luhacovice"]
[Date "2022.03.18"]
[Round "8.11"]
[White "Vasinek, Martin"]
[Black "Simek, Viktor"]
[Result "1-0"]
[ECO "D30"]
[WhiteElo "1594"]
[BlackElo "1527"]
[Annotator "NA"]
[PlyCount "61"]
[EventDate "2022.03.12"]
[EventType "swiss"]
[EventCountry "CZE"]
[SourceTitle "playchess.com"]
[Source "ChessBase"]
[SourceQuality "1"]
[TimeControl "40/5400+30:1800+30"]

1. d4 d5 2. c4 c6 3. Nf3 Nf6 4. e3 e6 5. Nbd2 Nbd7 6. Bd3 Bd6 7. O-O O-O 8. e4 dxe4 9. Nxe4 Nxe4 10. Bxe4 Nf6 11. Bc2 b6 12. Bg5 Re8 13. Qd3 g6 14. Rad1 Bb7 15. Rfe1 Be7 16. h4 c5 17. Ba4 Qc7 18. Bxe8 Rxe8 19. Ne5 Rd8 20. Qe3 cxd4 21. Rxd4 Bc5 22. Rxd8+ Qxd8 23. Qf4 Be7 24. Ng4 Nxg4 25. Bxe7 Qxe7 26. Qxg4 Qb4 27. Qe2 Qa4 28. Rd1 Qc6 29. Qg4 Qc7 30. h5 a6 31. Qg5 1-0

[Event "CZE-ch Youth B16 2022"]
[Site "Luhacovice"]
[Date "2022.03.18"]
[Round "8.12"]
[White "Zrubek, Adam"]
[Black "Trojan, Matyas"]
[Result "1-0"]
[ECO "C88"]
[WhiteElo "1661"]
[BlackElo "1582"]
[Annotator "NA"]
[PlyCount "71"]
[EventDate "2022.03.12"]
[EventType "swiss"]
[EventCountry "CZE"]
[SourceTitle "playchess.com"]
[Source "ChessBase"]
[SourceQuality "1"]
[TimeControl "40/5400+30:1800+30"]

1. e4 e5 2. Nf3 Nc6 3. Bb5 a6 4. Ba4 Nf6 5. O-O Be7 6. Re1 b5 7. Bb3 O-O 8. a4 Bb7 9. d3 d6 10. Nbd2 h6 11. Nf1 Na5 12. Ba2 c5 13. Ne3 g6 14. h3 bxa4 15. Nh2 Bc8 16. Nhg4 Nxg4 17. Nxg4 Bxg4 18. Qxg4 Kh7 19. Bd5 Rb8 20. Rxa4 Rb4 21. Ra2 f5 22. Qd1 fxe4 23. Bd2 Bh4 24. Rf1 Rd4 25. Bxa5 Qf6 26. Bxe4 d5 27. c3 Bxf2+ 28. Kh1 dxe4 29. cxd4 Qe6 30. b3 e3 31. Be1 exd4 32. Bxf2 exf2 33. Raxf2 Rb8 34. Qg4 Qg8 35. Rf7+ Kh8 36. Qf4 1-0

[Event "CZE-ch Youth B16 2022"]
[Site "Luhacovice"]
[Date "2022.03.19"]
[Round "9.1"]
[White "Dolensky, Filip"]
[Black "Janous, Marek"]
[Result "0-1"]
[ECO "B22"]
[WhiteElo "2021"]
[BlackElo "2056"]
[Annotator "ChessBase"]
[PlyCount "84"]
[EventDate "2022.03.12"]
[EventType "swiss"]
[EventCountry "CZE"]
[SourceTitle "playchess.com"]
[Source "ChessBase"]
[SourceQuality "1"]
[TimeControl "40/5400+30:1800+30"]

1. e4 c5 2. c3 Nf6 3. e5 Nd5 4. Nf3 e6 5. d4 cxd4 6. cxd4 b6 7. Bd2 Be7 8. Nc3 Nxc3 9. Bxc3 O-O 10. Bd3 Ba6 11. O-O Bxd3 12. Qxd3 d6 13. Rfd1 dxe5 14. d5 Qxd5 15. Qe2 Qb7 16. Nxe5 Bf6 17. Rd3 Nc6 18. Nd7 Bxc3 19. bxc3 Rfd8 20. Rad1 Qc7 21. Qd2 f6 22. Rd6 Re8 23. Qe2 Nd8 24. Qg4 Qxc3 25. R6d3 Qb2 26. Qe4 Nf7 27. R3d2 Qb5 28. h4 Rac8 29. a4 Qc6 30. Qg4 Kh8 31. Qh5 Re7 32. Qg4 Nh6 33. Qf4 e5 34. Qb4 Ree8 35. Qb3 Qc4 36. Qf3 Qxh4 37. g3 Qg4 38. Qd5 Qh3 39. f3 Nf5 40. g4 Ne3 41. Qf7 Qg3+ 42. Kh1 Nxd1 0-1

[Event "CZE-ch Youth B16 2022"]
[Site "Luhacovice"]
[Date "2022.03.19"]
[Round "9.4"]
[White "Le, Anh Dung"]
[Black "Jirasko, Miroslav"]
[Result "0-1"]
[ECO "A03"]
[WhiteElo "1998"]
[BlackElo "1933"]
[Annotator "ChessBase"]
[PlyCount "90"]
[EventDate "2022.03.12"]
[EventType "swiss"]
[EventCountry "CZE"]
[SourceTitle "playchess.com"]
[Source "ChessBase"]
[SourceQuality "1"]
[TimeControl "40/5400+30:1800+30"]

1. f4 d5 2. Nf3 c5 3. e3 g6 4. Bb5+ Bd7 5. Qe2 a6 6. Bxd7+ Nxd7 7. O-O Bg7 8. d3 e6 9. Nbd2 Ne7 10. Rb1 Nf5 11. e4 Nd4 12. Nxd4 Bxd4+ 13. Kh1 dxe4 14. dxe4 Bg7 15. e5 O-O 16. Ne4 f6 17. exf6 Nxf6 18. Nxc5 Re8 19. c4 Qc7 20. Ne4 Nxe4 21. Qxe4 b5 22. cxb5 axb5 23. a3 Rac8 24. Be3 Qc2 25. Qxc2 Rxc2 26. Rf2 Rxf2 27. Bxf2 Rd8 28. b3 Rd2 29. Bc5 Bc3 30. h3 Kf7 31. a4 b4 32. Kh2 Kf6 33. Be3 Re2 34. Bc5 Kf5 35. Bd6 Ke4 36. Be5 Kd3 37. a5 Kc2 38. Bxc3 bxc3 39. Ra1 Kb2 40. Ra4 Rd2 41. a6 Rd8 42. a7 c2 43. a8=Q Rxa8 44. Rxa8 c1=Q 45. Ra4 Qe3 0-1

[Event "CZE-ch Youth B16 2022"]
[Site "Luhacovice"]
[Date "2022.03.19"]
[Round "9.5"]
[White "Winter, Ondrej"]
[Black "Vilimek, Vit"]
[Result "1-0"]
[ECO "C06"]
[WhiteElo "2147"]
[BlackElo "1794"]
[Annotator "ChessBase"]
[PlyCount "57"]
[EventDate "2022.03.12"]
[EventType "swiss"]
[EventCountry "CZE"]
[SourceTitle "playchess.com"]
[Source "ChessBase"]
[SourceQuality "1"]
[TimeControl "40/5400+30:1800+30"]

1. e4 e6 2. d4 d5 3. Nd2 Nf6 4. e5 Nfd7 5. Bd3 c5 6. c3 Nc6 7. Ne2 cxd4 8. cxd4 f6 9. exf6 Qxf6 10. Nf3 h6 11. O-O Bd6 12. Bc2 a6 13. Ng3 g5 14. Re1 Nb6 15. Nf5 Bc7 16. Ne5 Nxe5 17. dxe5 Qf7 18. Nd6+ Bxd6 19. exd6 O-O 20. f3 Nc4 21. b3 Nxd6 22. Bb2 b5 23. Kh1 Nf5 24. Bxf5 Qxf5 25. Qd4 Qh7 26. Rac1 Rf4 27. Qb6 Qa7 28. Qxa7 Rxa7 29. Rxc8+ 1-0

[Event "CZE-ch Youth B16 2022"]
[Site "Luhacovice"]
[Date "2022.03.19"]
[Round "9.6"]
[White "Stejskal, Michal"]
[Black "Zezula, Jakub"]
[Result "0-1"]
[ECO "C44"]
[WhiteElo "1857"]
[BlackElo "1891"]
[Annotator "NA"]
[PlyCount "48"]
[EventDate "2022.03.12"]
[EventType "swiss"]
[EventCountry "CZE"]
[SourceTitle "playchess.com"]
[Source "ChessBase"]
[SourceQuality "1"]
[TimeControl "40/5400+30:1800+30"]

1. e4 e5 2. Nf3 Nc6 3. c3 d5 4. Qa4 Bd7 5. exd5 Nd4 6. Qd1 Nxf3+ 7. Qxf3 Bd6 8. Bc4 Ne7 9. d3 O-O 10. O-O Ng6 11. Nd2 f5 12. g3 ({White should try} 12. a4 $14) 12... f4 13. Qe2 Bh3 14. f3 Bxf1 15. Kxf1 fxg3 16. hxg3 Qd7 17. Kg2 Rf5 18. Qe4 Raf8 19. Bb3 Rf4 20. Qe3 Rh4 21. Nf1 Qh3+ 22. Kf2 {[%emt 0:01:41] [#]} e4 $1 23. dxe4 $19 Ne5 24. Bd1 Ng4+ 0-1

[Event "CZE-ch Youth B16 2022"]
[Site "Luhacovice"]
[Date "2022.03.19"]
[Round "9.7"]
[White "Vaclavik, Jan"]
[Black "Dedek, Jan"]
[Result "1-0"]
[ECO "A05"]
[WhiteElo "1997"]
[BlackElo "1963"]
[Annotator "ChessBase"]
[PlyCount "71"]
[EventDate "2022.03.12"]
[EventType "swiss"]
[EventCountry "CZE"]
[SourceTitle "playchess.com"]
[Source "ChessBase"]
[SourceQuality "1"]
[TimeControl "40/5400+30:1800+30"]

1. Nf3 Nf6 2. g3 g6 3. b3 Bg7 4. Bb2 O-O 5. Bg2 c5 6. O-O Nc6 7. c4 d6 8. Nc3 a6 9. d4 cxd4 10. Nxd4 Bd7 11. e4 Qc7 12. Rc1 Rfc8 13. Nd5 Qd8 14. Re1 Nxd5 15. exd5 Nxd4 16. Bxd4 b5 17. Bxg7 Kxg7 18. Rc3 bxc4 19. bxc4 Be8 20. Qd4+ Kg8 21. Rce3 Rc7 22. h4 h5 23. Bf1 Raa7 24. Bd3 Qc8 25. Re4 Rab7 26. g4 hxg4 27. h5 gxh5 28. Qe3 f6 29. Re6 Kg7 30. Qe4 Bf7 31. Qh7+ Kf8 32. Qh8+ Bg8 33. Qh6+ Ke8 34. Bg6+ Kd7 35. Rxe7+ Kd8 36. Qf8# 1-0

[Event "CZE-ch Youth B16 2022"]
[Site "Luhacovice"]
[Date "2022.03.19"]
[Round "9.8"]
[White "Bezdek, Tomas"]
[Black "Mametev, Artem"]
[Result "1-0"]
[ECO "A02"]
[WhiteElo "1855"]
[BlackElo "1848"]
[Annotator "NA"]
[PlyCount "53"]
[EventDate "2022.03.12"]
[EventType "swiss"]
[EventCountry "CZE"]
[SourceTitle "playchess.com"]
[Source "ChessBase"]
[SourceQuality "1"]
[TimeControl "40/5400+30:1800+30"]

1. f4 Nf6 2. Nf3 d5 3. g3 g6 4. Bg2 Bg7 5. O-O O-O 6. d3 c6 7. c3 Nbd7 8. Qc2 a5 9. e4 dxe4 10. dxe4 Nc5 11. Ne5 Nfd7 12. Nxd7 Bxd7 13. Be3 Na6 14. Nd2 b5 15. Rad1 Qc7 16. Nb3 Rad8 17. Qf2 Rb8 $16 18. Rd2 b4 19. f5 bxc3 20. bxc3 Bxc3 21. Rd3 Bg7 22. Bf4 Qb7 23. Bxb8 Rxb8 24. fxg6 fxg6 25. Qf7+ Kh8 26. Qxe7 Bg4 27. Rd8+ 1-0

[Event "CZE-ch Youth B16 2022"]
[Site "Luhacovice"]
[Date "2022.03.19"]
[Round "9.9"]
[White "Pelc, Adam"]
[Black "Vasinek, Martin"]
[Result "0-1"]
[ECO "B35"]
[WhiteElo "1811"]
[BlackElo "1594"]
[Annotator "NA"]
[PlyCount "56"]
[EventDate "2022.03.12"]
[EventType "swiss"]
[EventCountry "CZE"]
[SourceTitle "playchess.com"]
[Source "ChessBase"]
[SourceQuality "1"]
[TimeControl "40/5400+30:1800+30"]

1. e4 c5 2. Nf3 Nc6 3. d4 cxd4 4. Nxd4 g6 5. Nc3 Bg7 6. Be3 Nf6 7. Bc4 Qa5 8. O-O O-O 9. f3 d6 10. Qd2 Bd7 11. Kh1 Rfc8 12. Bb3 Ne5 13. Qe2 Rab8 14. a4 a6 15. Rfd1 Rc7 16. Bd2 Qb6 17. Bg5 Qc5 18. Be3 Qa5 19. Bd5 Rcc8 20. f4 Neg4 21. Nb3 Qc7 22. Bd4 e6 23. e5 dxe5 24. fxe5 Nxd5 25. Nxd5 exd5 26. Nc5 Nh6 27. Qf3 Bg4 28. Qxd5 Rd8 0-1

[Event "CZE-ch Youth B16 2022"]
[Site "Luhacovice"]
[Date "2022.03.19"]
[Round "9.10"]
[White "Kubiczek, Michal"]
[Black "Zrubek, Adam"]
[Result "1-0"]
[ECO "D07"]
[WhiteElo "1720"]
[BlackElo "1661"]
[Annotator "NA"]
[PlyCount "91"]
[EventDate "2022.03.12"]
[EventType "swiss"]
[EventCountry "CZE"]
[SourceTitle "playchess.com"]
[Source "ChessBase"]
[SourceQuality "1"]
[TimeControl "40/5400+30:1800+30"]

1. d4 d5 2. c4 Nc6 3. Nc3 Nf6 4. cxd5 Nxd5 5. Nf3 Bg4 6. e4 Nxc3 7. bxc3 e6 8. Rb1 Rb8 9. Qa4 Bxf3 10. gxf3 Qd7 11. Bb5 Rc8 12. Qc4 a6 13. Ba4 b5 14. Rxb5 axb5 15. Bxb5 Kd8 16. Bxc6 Qe7 17. Qa6 Qf6 18. Ke2 Bd6 19. e5 Bxe5 20. dxe5 Qxe5+ 21. Be3 Ke7 22. Qa3+ Kf6 23. f4 Qh5+ 24. Bf3 Qb5+ 25. Ke1 c5 26. Qb3 Qd3 27. c4 Qxb3 28. axb3 Rb8 29. Bd1 Rhc8 30. Kd2 Rc7 31. Rg1 g6 32. Kc3 Ra8 33. Bc2 Ke7 34. Kb2 f5 35. h4 Kf7 36. f3 h5 37. Kc3 Ra2 38. Rb1 Ke7 39. b4 Ra3+ 40. Bb3 cxb4+ 41. Kxb4 Ra8 42. Bc5+ Kd7 43. Bb6 Rc6 44. c5 Kc8 45. Kb5 Kb7 46. Rd1 1-0

[Event "CZE-ch Youth B16 2022"]
[Site "Luhacovice"]
[Date "2022.03.19"]
[Round "9.11"]
[White "Oborny, Stanislav"]
[Black "Mrazek, Roman"]
[Result "1/2-1/2"]
[ECO "D18"]
[WhiteElo "1674"]
[BlackElo "1820"]
[Annotator "NA"]
[PlyCount "60"]
[EventDate "2022.03.12"]
[EventType "swiss"]
[EventCountry "CZE"]
[SourceTitle "playchess.com"]
[Source "ChessBase"]
[SourceQuality "1"]
[TimeControl "40/5400+30:1800+30"]

1. c4 c6 2. d4 d5 3. Nc3 Nf6 4. Nf3 dxc4 5. a4 Bf5 6. e3 e6 7. Bxc4 Bb4 8. O-O Nbd7 9. Qb3 Qb6 10. Nd2 Bg6 (10... a5 $11 {keeps the balance.}) 11. Re1 a5 12. Na2 Be7 13. Nc3 Bb4 14. Na2 Be7 15. Nc3 Bb4 16. Be2 O-O 17. Bf3 Rfd8 18. Nc4 Qa7 $11 19. e4 Rac8 20. Bg5 h6 21. Be3 Qb8 22. Rad1 b6 23. Nd2 e5 24. d5 Nc5 25. Bxc5 Bxc5 26. dxc6 Rxc6 27. Nc4 Rdc8 28. Ne3 Bd4 29. Ncd5 Nxd5 30. Nxd5 Qd6 1/2-1/2

[Event "CZE-ch Youth B16 2022"]
[Site "Luhacovice"]
[Date "2022.03.19"]
[Round "9.12"]
[White "Trojan, Matyas"]
[Black "Simek, Viktor"]
[Result "1/2-1/2"]
[ECO "C45"]
[WhiteElo "1582"]
[BlackElo "1527"]
[Annotator "NA"]
[PlyCount "63"]
[EventDate "2022.03.12"]
[EventType "swiss"]
[EventCountry "CZE"]
[SourceTitle "playchess.com"]
[Source "ChessBase"]
[SourceQuality "1"]
[TimeControl "40/5400+30:1800+30"]

1. e4 e5 2. Nf3 Nc6 3. d4 exd4 4. Nxd4 Bc5 5. Nb3 Bb6 6. Nc3 d6 7. Bf4 Nf6 8. Qe2 Be6 9. O-O-O Qe7 10. f3 O-O-O 11. Bg5 h6 12. Bh4 g5 13. Bf2 Nd7 14. Bxb6 Nxb6 15. Nd4 Nxd4 16. Rxd4 Qf6 17. Qf2 Rhe8 18. g3 d5 19. exd5 Nxd5 20. Nxd5 Bxd5 21. Bh3+ Kb8 22. Rhd1 Be6 23. Rxd8+ Rxd8 24. Rxd8+ Qxd8 25. Bxe6 fxe6 26. Qd2 Qf6 27. c3 b6 28. Qd3 Qe5 29. Kd2 Qc5 30. Qe4 Qg1 31. Qe2 Qb1 32. Qxe6 1/2-1/2